Workbook

Sheet Справочник лекарств
A2: Начальная (максимальная) цена контракта определена в соответствии с Порядком, утвержденном Приказом Министерства здравоохранения Российской Федерации от 19 декабря 2019 года № 1064н «Об утверждении Порядка определения начальной (максимальной) цены контракта, цены контракта, заключаемого с единственным поставщиком (подрядчиком, исполнителем), начальной цены единицы товара, работы, услуги при осуществлении закупок лекарственных препаратов для медицинского применения».
A3: г)Для целей применения настоящего Порядка в качестве "единицы лекарственного препарата" используются единицы измерения, указанные в едином справочнике-каталоге лекарственных препаратов. В случае отсутствия в едином справочнике-каталоге лекарственных препаратов информации о лекарственном препарате в качестве "единицы лекарственного препарата" используется единица измерения "штука", соответствующая одной лекарственной форме (форме выпуска) (таблетка, капсула, суппозиторий и проч.), либо иная единица измерения в соответствии с Общероссийским классификатором единиц измерения (ОК 015-94 (МК 002-97)), применимая для измерения количественных характеристик закупаемого лекарственного препарата.
A5: Единая информационная система в сфере закупок. Справочник лекарств (ЕСКЛП). Справочник-каталог лекарственных препаратов. Каталог товаров, работ, услуг для обеспечения государственных и муниципальных нужд.
A7: № п/п | B7: МНН или при отсутствии МНН химическое, группировочное наименование Товара | C7: Код позиции КТРУ / Реестровая запись. | D7: Единицы измерения (количество товара, объем работы, услуги по ОКЕИ) | E7: Лекарственная форма | F7: Дозировка | G7: Лекарственный препарат включен в перечень жизненно необходимых и важнейших лекарственных препаратов | H7: Наличие в лекарственном препарате наркотических средств, психотропных веществ и их прекурсоров
A8: 1 | B8: Бензобарбитал | C8: 21.20.10.233-000011-1-00015-0000000000000 | D8: Штука (таблетка) | E8: таблетки | F8: 100 мг | G8: Да | H8: Нет

Sheet тарифный
A2: Начальная (максимальная) цена контракта определена в соответствии с Порядком, утвержденном Приказом Министерства здравоохранения Российской Федерации от 19 декабря 2019 года № 1064н «Об утверждении Порядка определения начальной (максимальной) цены контракта, цены контракта, заключаемого с единственным поставщиком (подрядчиком, исполнителем), начальной цены единицы товара, работы, услуги при осуществлении закупок лекарственных препаратов для медицинского применения».
A3: а) применения методов, предусмотренных пунктами 1 и 3 части 1 статьи 22 Федерального закона от 05.04.2013 N 44-ФЗ "О контрактной системе в сфере закупок товаров, работ, услуг для обеспечения государственных и муниципальных нужд"
A4: Тарифный метод <4> используется при закупке лекарственных препаратов, включенных в перечень жизненно необходимых и важнейших лекарственных препаратов (далее - ЖНВЛП), для определения цены единицы лекарственного препарата, начальной цены единицы лекарственного препарата по данным государственного реестра предельных отпускных цен производителей на лекарственные препараты, включенные в перечень жизненно необходимых и важнейших лекарственных препаратов (далее - государственный реестр). <4> В соответствии с частью 8 статьи 22 Федерального закона от 05.04.2013 N 44-ФЗ "О контрактной системе в сфере закупок товаров, работ, услуг для обеспечения государственных и муниципальных нужд" (Собрание законодательства Российской Федерации, 2013, N 14, ст. 1652, N 52, ст. 6961).
A5: Информация о минимально возможной зарегистрированной цене производителя в соответствии с перечнем жизненно необходимых и важнейших лекарственных препаратов для медицинского применения на 2020 год, утвержденным распоряжением Правительства Российской Федерации от 12 октября 2019 г. N 2406-р, постановлением Правительства Российской Федерации от 29.10.2010 № 865 «О государственном регулировании цен на лекарственные препараты, включенные в перечень жизненно необходимых и важнейших лекарственных препаратов», представлена в Государственном реестре предельных отпускных цен производителей на лекарственные препараты, включенные в перечень жизненно необходимых и важнейших лекарственных препаратов, по адресу в сети Интернет http://grls.rosminzdrav.ru/:
A7: Тарифный метод (ч.8 ст.22 44-ФЗ), без учета НДС и оптовой надбавки
B9: МНН | C9: Торговое наименование лекарственного препарата | D9: Лекарственная форма, дозировка, упаковка (полная) | E9: Владелец РУ/производитель/упаковщик/Выпускающий контроль | F9: Коли- чество в потреб. упаков- ке | G9: Предельная цена руб. без НДС | H9: Цена указана для первич. упаковки | I9: № РУ | J9: Дата регистрации цены (№ решения) | K9: Минимальная цена за ед.измерения
A10: 1 | B10: ='Справочник лекарств'!B8 -> Бензобарбитал | C10: БЕНЗОНАЛ | D10: таблетки, 100 мг, 10 шт. - упаковки ячейковые контурные (5) - пачки картонные | E10: Вл.Открытое акционерное общество "Авексима", Россия (7714856826); Вып.к.Перв.Уп.Втор.Уп.Пр.Общество с ограниченной ответственностью "Авексима Сибирь", Россия (4205051780); | F10: 50 | G10: 116.51 | H10: =G10/F10 -> 2.3302 | I10: ЛП-№(001878)-(РГ-RU) | J10: 24.06.2024 870/20-24 | K10: 2.33
C11: Бензонал | D11: таблетки, 100 мг, 10 шт. - упаковки ячейковые контурные (5) - пачки картонные | E11: Вл.Открытое акционерное общество "Авексима", Россия (7714856826); Вып.к.Перв.Уп.Втор.Уп.Пр.Общество с ограниченной ответственностью "Авексима Сибирь", Россия (4205051780); | F11: 50 | G11: 116.51 | H11: =G11/F11 -> 2.3302 | I11: ЛСР-004407/10 | J11: 24.06.2024 870/20-24

Sheet анализ рынка
A2: Начальная (максимальная) цена контракта определена в соответствии с Порядком, утвержденном Приказом Министерства здравоохранения Российской Федерации от 19 декабря 2019 года № 1064н «Об утверждении Порядка определения начальной (максимальной) цены контракта, цены контракта, заключаемого с единственным поставщиком (подрядчиком, исполнителем), начальной цены единицы товара, работы, услуги при осуществлении закупок лекарственных препаратов для медицинского применения».
A3: а) применения методов, предусмотренных пунктами 1 и 3 части 1 статьи 22 Федерального закона от 05.04.2013 N 44-ФЗ "О контрактной системе в сфере закупок товаров, работ, услуг для обеспечения государственных и муниципальных нужд"
A4: При применении метода сопоставимых рыночных цен <3> (анализа рынка) заказчик учитывает сведения о цене лекарственных препаратов без учета налога на добавленную стоимость (далее - НДС) посредством осуществления сбора и анализа общедоступной ценовой информации, в том числе заказчиком должны быть направлены запросы о предоставлении ценовой информации поставщикам. <3> В соответствии с частями 2 - 6 статьи 22 Федерального закона от 05.04.2013 N 44-ФЗ "О контрактной системе в сфере закупок товаров, работ, услуг для обеспечения государственных и муниципальных нужд"
A5: Метод сопоставимых рыночных цен (анализ рынка) (ч.2-6 ст.22 44-ФЗ), без учета НДС и оптовой надбавки
A7: № п/п | B7: ЖНВЛП | C7: МНН или при отсутствии МНН химическое, группировочное наименование Товара | D7: Код позиции КТРУ / Реестровая запись. | E7: Единицы измерения (количество товара, объем работы, услуги по ОКЕИ) | F7: Лекарственная форма | G7: Дозировка | H7: Номер фармацевтической организации, дата КП, цена без учета НДС 10% и оптовой надбавки, руб. | Q7: Договор заключен от 06.09.2019 №2782566699719000108 | R7: Договор заключен от 03.09.2019 №2782566699719000091 | S7: Договор заключен от 29.11.2019 №2100104678619000639 | T7: Договор заключен от 26.11.2019 №2352805501019000147 | U7: Среднее расчетное значение цены за единицу измерения, руб. | V7: Среднее квадратичное отклонение | W7: Коэффициент вариации | X7: Цена единицы лекарственного препараты расчитанная методом сопоставимых рыночных цен
H8: Коммерческое предложение №704 от 28.05.2026 | K8: Коммерческое предложение №708 от 28.05.2026 | N8: Коммерческое предложение №709 от 28.05.2026
H9: Цена за упаковку, руб. | I9: Кол-во ед.изм. в упак. | J9: Расчетная цена за единицу измерения, руб. | K9: Цена за упаковку, руб. | L9: Кол-во шт. в упак. | M9: Расчетная цена за единицу измерения, руб. | N9: Цена за упаковку, руб. | O9: Кол-во шт. в упак. | P9: Расчетная цена за единицу измерения, руб.
A10: 1 | B10: да | C10: ='Справочник лекарств'!B8 -> Бензобарбитал | E10: ='Справочник лекарств'!D8 -> Штука (таблетка) | F10: ='Справочник лекарств'!E8 -> таблетки | G10: ='Справочник лекарств'!F8 -> 100 мг | H10: 116.5 | I10: 50 | J10: =H10/I10 -> 2.33 | K10: 124.66 | L10: 50 | M10: =K10/L10 -> 2.4932 | N10: 125.32 | O10: 50 | P10: =N10/O10 -> 2.5064 | U10: =(J10+M10+P10)/3 -> 2.4432 | V10: =STDEV(J10,M10,P10) -> 0.098255992 | W10: =(V10/U10)*100 -> 4.0216107 | X10: =MIN(J10,M10,P10) -> 2.33

Sheet Средневзвешенная
A2: Начальная (максимальная) цена контракта определена в соответствии с Порядком, утвержденном Приказом Министерства здравоохранения Российской Федерации от 19 декабря 2019 года № 1064н «Об утверждении Порядка определения начальной (максимальной) цены контракта, цены контракта, заключаемого с единственным поставщиком (подрядчиком, исполнителем), начальной цены единицы товара, работы, услуги при осуществлении закупок лекарственных препаратов для медицинского применения».
A3: б) Расчет средневзвешенной цены на основании всех заключенных заказчиком контрактов на поставку планируемого к закупке лекарственного препарата с учетом эквивалентных лекарственных форм и дозировок за 12 месяцев, предшествующих месяцу расчета → Официальный сайт Единой информационной системы в сфере закупок zakupki.gov.ru
A4: Расчет средневзвешенной цены по контрактам (в случае заключения единственного контракта – цены по контракту)
A6: № п/п | B6: Международное непатентованное или химическое или группировочное наименование | C6: Тогровое наименование | D6: Лекарственная форма, дозировка, количество в потребительской упаковке | E6: Единица измерения | F6: Дата поставки | G6: Цена за ед.измеренияТовара согласно договру с НДС (10%) | H6: Цена за единицу измерения Товара согласно протоколу согласования цен на ЖНВЛП | I6: Кол-во упаковок по договору | J6: Кол-во в единицах измерения | K6: Средневзвешенная цена за единицу измерения | L6: Цена за единицу измерения с округлением | M6: Реестровый номер контракта | N6: Ссылка на страницу в сети Интернет
A7: 1 | B7: ='Справочник лекарств'!B8 -> Бензобарбитал | C7: Бензонал | D7: таблетки 100 мг 50 шт | E7: шт (таблетка) | F7: 45805 | G7: 2.39 | H7: =97.48/50 -> 1.9496 | I7: =J7/50 -> 300 | J7: 15000 | K7: =J7*H7/J9+J8*H8/J9 -> 2.0447 | L7: 2.04 | M7: рнк 2471900855025000100 от 10.04.2025 контракт №0372200094425000108 | N7: https://zakupki.gov.ru/epz/contract/contractCard/process-info.html?reestrNumber=2471900855025000100&contractInfoId=100384268
A8: 2 | B8: Бензобарбитал | C8: Бензонал | D8: таблетки 100 мг 50 шт | E8: шт (таблетка) | F8: 46105 | G8: 2.87 | H8: =116.5/50 -> 2.33 | I8: 100 | J8: 5000 | M8: к контракту №26030 от 20.03.2026 рнк1401226E00029
A9: Всего: | J9: =SUM(J7:J8) -> 20000

Sheet Выбор минимального значения
A2: Минимальное значение НМЦ Товара за единицу измерения, установленное в ходе проведенного анализа, принимается в качестве начальной (максимальной) цены за единицу товара при расчете начальной (максимальной) цены государственного контракта.
A4: № п\п | B4: МНН или при отсутствии МНН химическое, группировочное наименование Товара | C4: Код позиции КТРУ / Реестровая запись. | D4: Единицы измерения (количество товара, объем работы, услуги по ОКЕИ) | E4: Лекарственная форма | F4: Дозировка | G4: Метод сопоставимых рыночных цен (анализ рынка) (ч.2-6 ст.22 44-ФЗ), без учета НДС и оптовой надбавки | H4: Метод сопоставимых рыночных цен по контрактам ЕИС (анализ рынка) (ч.2-6 ст.22 44-ФЗ), без учета НДС и оптовой надбавки | I4: Тарифный метод (ч.8 ст.22 44-ФЗ), без учета НДС и оптовой надбавки | J4: Расчет референтных цен, без учета НДС и оптовой надбавки | K4: Расчет средневзвешенной цены по контрактам (в случае заключения единственного контракта – цены по контракту) | L4: Минимальное значение НМЦ Товара за единицу измерения, руб. По закупке реестровый номер 2026005939056 подано 0 оферт | M4: Следующее минимальное значение НМЦ Товара за единицу измерения, руб. По закупке реестровый номер 2026005943010 подано 0 оферт | N4: Следующее минимальное значение НМЦ Товара за единицу измерения, руб.
A5: 1 | B5: =+'анализ рынка'!C10 -> Бензобарбитал | D5: =+'анализ рынка'!E10 -> Штука (таблетка) | E5: =+'анализ рынка'!F10 -> таблетки | F5: =+'анализ рынка'!G10 -> 100 мг | G5: ='анализ рынка'!X10 -> 2.33 | I5: =тарифный!K10 -> 2.33 | J5: - | K5: - | L5: =MIN(G5,I5,K5) -> 2.33 | M5: 1.95 | N5: 2.33
A7: Обоснование формирования начальной (максимальной) цены контракта:
A8: В соответствии с приказом Министерства здравоохранения Российской Федерации от 19 декабря 2019 года № 1064н «Об утверждении Порядка определения начальной (максимальной) цены контракта, цены контракта, заключаемого с единственным поставщиком (подрядчиком, исполнителем), начальной цены единицы товара, работы, услуги при осуществлении закупок лекарственных препаратов для медицинского применения» при определение начальной (максимальной) цены (далее – НМЦ) Товара за единицу измерения использовались:
A9: а) 2 метода расчета: метод сопоставимых рыночных цен (анализ рынка) по коммерческим предложением получиным заказчиком; тарифный метод в соответствии с частями 2-6 и 8 статьи 22 Федерального закона от 5 апреля 2013 г. № 44-ФЗ «О контрактной системе в сфере закупок товаров, работ, услуг для обеспечения государственных и муниципальных нужд».
A10: б) расчет средневзвешенной цены на основании всех заключенных заказчиком и исполненных поставщиком государственных (муниципальных) контрактов на поставку планируемого к закупке лекарственного препарата с учетом эквивалентных лекарственных форм и дозировок за 12 месяцев, предшествующих месяцу расчета НМЦК, начальной цены единицы лекарственного препарата, по контрактам, исполнение по которым завершено (в том числе в связи с истечением срока действия контракта или расторжением контракта) в соответствии с п. 5 и п. 5(а) Порядка - применялся. Средневзвешенную цену на основе выбранных контрактов Заказчика, исполненныx за период с 03 февраля 2025 - по 02 февраля 2026.
A11: в) цена, которая рассчитывается автоматически в единой государственной информационной системе в сфере здравоохранения (далее - референтная цена), сведения о которой предоставляются в единую информационную систему в сфере закупок посредством информационного взаимодействия между указанными системами, не применялась. По состоянию на дату определения НМЦК информация о референтной цене на официальном сайте Единой информационной системы в сфере закупок (http://zakupki.gov.ru) отсутствует.

Sheet РНМЦД
A2: РАСЧЕТ НАЧАЛЬНОЙ (МАКСИМАЛЬНОЙ) ЦЕНЫ ДОГОВОРА
A4: Начальная (максимальная) цена контракта определена в соответствии с Порядком, утвержденном Приказом Министерства здравоохранения Российской Федерации от 19 декабря 2019 года № 1064н «Об утверждении Порядка определения начальной (максимальной) цены контракта, цены контракта, заключаемого с единственным поставщиком (подрядчиком, исполнителем), начальной цены единицы товара, работы, услуги при осуществлении закупок лекарственных препаратов для медицинского применения».
A5: Расчет начальной (максимальной) цены контракта осуществляется по формуле:
A6: где: n - количество поставляемых лекарственных препаратов; Цi - цена единицы i-го лекарственного препарата с учетом налога на добавленную стоимость (далее - НДС) и оптовой надбавки; Vi - объем поставки i-го лекарственного препарата
A7: Объект закупки:Поставка лекарственных препаратов для медицинского применения: Бензобарбитал
A8: № п/п | B8: ЖНВЛП | C8: Код МНН: | E8: МНН или при отсутствии МНН химическое, группировочное наименование Товара | F8: Код МНН | G8: Код позиции КТРУ / Реестровая запись. | H8: Единицы измерения (количество товара, объем работы, услуги по ОКЕИ) | I8: Лекарственная форма | J8: Дозировка | K8: Кол-во ед.изм.. в упак. | L8: Количество упак. | M8: Количество единиц измерения к обеспечению | N8: Минимальное значение цены без учета НДС и оптовой надбавки** | O8: Стоимость за упаковку без НДС и надбавки, руб. | P8: Наценка оптовая *** | Q8: Цена с опт.надбавкой для ЖНВЛП | R8: Размер НДС **** | S8: Цена для формирования НЦК с НДС и оптовой надбавкой для ЖНВЛП | T8: Цена для формирования НЦК с НДС с округлением | U8: Цена за упаковку с НДС и надбавкой, руб. | V8: Начальная (максимальная цена контракта с НДС и оптовой надбавкой
D9: 1. | E9: ='Справочник лекарств'!B8 -> Бензобарбитал | F9: 179842 | G9: ='Справочник лекарств'!C8 -> 21.20.10.233-000011-1-00015-0000000000000 | H9: ='Справочник лекарств'!D8 -> Штука (таблетка) | I9: ='Справочник лекарств'!E8 -> таблетки | J9: ='Справочник лекарств'!F8 -> 100 мг | K9: 100 | L9: 50 | M9: 16000 | N9: ='Выбор минимального значения'!N5 -> 2.33 | P9: 0.1 | Q9: =N9*1.1 -> 2.563 | R9: 0.1 | S9: 2.56 | T9: 2.56 | V9: =T9*M9 -> 40960
A10: Итого, руб.: | V10: =SUM(V9:V9) -> 40960
A12: * Описание объекта закупки сформировано Заказчиком с учетом специфики лечебного учреждения и результатов обследования, тяжести и характера основного заболевания пациентов, рекомендаций врачей-специалистов, индивидуальной переносимости пациентов нуждающегося в постоянной терапии. Запрашиваемые дозировки препаратов направлены на поддержание лечения отдельных групп психиатрических пациентов с минимизацией риска рецидива и связанных с ним последствий.
A13: Нормативное значение (предельных цен), не установлено распоряжением Комитета по государственному заказу Санкт-Петербурга от 31.05.2018 № 100-р «Об утверждении значений потребительских свойств (в том числе характеристик качества) и иных характеристик (в том числе предельных цен) отдельных видов товаров, работ, услуг».
A14: Начальная (максимальная) цена контракта определена и обоснована в соответствии с Порядком, утвержденном Приказом Министерства здравоохранения Российской Федерации от 19 декабря 2019 года № 1064н «Об утверждении Порядка определения начальной (максимальной) цены контракта, цены контракта, заключаемого с единственным поставщиком (подрядчиком, исполнителем), начальной цены единицы товара, работы, услуги при осуществлении закупок лекарственных препаратов для медицинского применения». Начальная (максимальная) цена контракта определена и обоснована заказчиком посредством применения минимального значения НМЦ Товара за единицу измерения, установленное в ходе проведенного анализа - лист 2 Exel «Выбор минимального значения».
A15: Цена включает в себя все расходы на поставку товара, включая расходы по упаковке, доставке, погрузо-разгрузочным работам, поднятие на этаж,а также расходы на страхование, уплату таможенных пошлин, налогов и других обязательных платежей, которые Поставщик должен выплатить в связи с выполнением обязательств по контракту в соответствии с законодательством Российской Федерации.
A16: В соответствии с пп. а) п.7 ПП 1875 "О мерах по предоставлению национального режима при осуществлении закупок товаров, работ, услуг для обеспечения государственных и муниципальных нужд, закупок товаров, работ, услуг отдельными видами юридических лиц" Заказчик декларирует факт отсутствия в реестре российской промышленной продукции товара с характеристиками указанными в описании объекта закупки, потребность в котором имеется у заказчика. О чем в описание объекта закупки включена копия направленного до начала осуществления закупки в Министерство промышленности и торговли Российской Федерации уведомления об отсутствии закупаемого товара в реестре российской промышленной продукции. Особенности определения НМЦК в соответствии с пп. в) п.7 ПП 1875 "О мерах по предоставлению национального режима при осуществлении закупок товаров, работ, услуг для обеспечения государственных и муниципальных нужд, закупок товаров, работ, услуг отдельными видами юридических лиц" - не применялись, вследствие наступления следующего случая согласно с пп. г) п. 7 ПП 1875: в реестре российской промышленной продукции отсутствуют товары с характеристиками, соответствующими потребности заказчика которые декларируются в обосновании начальной (максимальной) цены контракта.
A17: <*> НДС +10%, в соответствии с подпунктом 4 пункта 2 статьи 164 «Налогового кодекса Российской Федерации (часть вторая)» от 05.08.2000 № 117-ФЗ. <**> Оптовая надбавка устанавливается только для лекарственных препаратов, включенных в перечень жизненно необходимых и важнейших лекарственных препаратов
A18: *** Оптовая надбавка устанавливается только для лекарственных препаратов, включенных в перечень жизненно необходимых и важнейших лекарственных препаратов
E19: Начальник отдела организации закупок _______________________ / Н.Н. Сальникова /
E21: Экономист _______________________ / С.А. Карпова /
E23: дата подготовки: | F23: 46171
E25: вх.№221 от 21.04.2026
